AoeStats
← Snobyman

Black Forest

509276886Analyzed
4v4 RM · 7d ago on Sep 26, 2026· 64m 29s· 8 players
Game mode
Random Map
Map size
Large (8 player)
Population
200
Speed
Normal
Resources
Standard
Victory
Conquest
Starting age
Dark Age
Ending age
Imperial Age
RankedLock teamsTeams togetherTeam positionsShared explorationLock speedFull tech treeHidden civsTurbo modeCheats
Victory
Defeat
🇲🇽 Inca · Mexico
527
+15
🇺🇸 Franks · United States
486
+17
🇲🇽 Turks · Mexico
436
+19
🇨🇱 Celts · Chile
407
+19
🇨🇳 Khmer · China
543
-19
🇨🇳 Magyars · China
531
-19
🇦🇺 Tatars · Australia
460
-16
🇭🇰 Ethiopians · Hong Kong SAR China
455
-16
今天是魔王
1:03 Loom
12:35 Feudal Age
14:08 Wheelbarrow
13:40 Double-Bit Axe
14:26 Gold Mining
14:31 Stone Mining
16:57 Horse Collar
23:42 Town Watch
24:11 Fletching
27:54 Castle Age
29:11 Bow Saw
30:37 Heavy Plow
30:42 Squires
30:29 Arson
30:48 Bodkin Arrow
31:05 Forging
30:56 Scale Mail Armor
34:28 Gold Shaft Mining
34:44 Stone Shaft Mining
39:18 Imperial Age
37:14 Caravan
38:16 Royal Heirs
41:31 Two-Man Saw
41:00 Hand Cart
41:53 Conscription
41:05 Elite Shotel Warrior
42:37 Ballistics
42:13 Murder Holes
43:20 Chemistry
42:28 Siege Engineers
42:28 Town Patrol
44:03 Masonry
44:10 Fortified Wall
43:53 Guard Tower
48:26 Architecture
54:46 Torsion Engines
Snobyman
0:44 Loom
16:11 Feudal Age
17:36 Wheelbarrow
17:00 Horse Collar
17:11 Double-Bit Axe
19:32 Town Watch
20:05 Stone Mining
20:06 Gold Mining
24:10 Castle Age
23:40 Arson
27:45 Gold Shaft Mining
27:41 Bow Saw
29:23 Heavy Plow
31:02 Squires
30:22 Pikeman
31:22 Caravan
31:52 Coinage
33:39 Hand Cart
34:34 Town Patrol
35:29 Silk Armor
37:14 Ballistics
39:45 Scale Barding Armor
39:41 Scale Mail Armor
45:55 Heated Shot
45:45 Treadmill Crane
46:16 Masonry
46:11 Murder Holes
46:35 Forging
46:47 Chain Barding Armor
46:19 Fletching
46:30 Padded Archer Armor
48:18 Iron Casting
50:17 Imperial Age
51:02 Fortified Wall
50:32 Elite Keshik
51:27 Timurid Siegecraft
51:39 Conscription
51:00 Sappers
52:28 Halberdier
811731154
0:30 Loom
13:45 Feudal Age
18:56 Castle Age
19:12 Double-Bit Axe
26:52 Horse Collar
27:06 Gold Mining
27:09 Stone Mining
30:37 Bow Saw
31:48 Scale Barding Armor
31:51 Caravan
35:50 Chain Barding Armor
38:05 Imperial Age
36:30 Gold Shaft Mining
38:13 Town Watch
39:04 Wheelbarrow
38:41 Heavy Plow
38:14 Elite Magyar Huszar
39:03 Recurve Bow
39:25 Conscription
39:12 Corvinian Army
40:17 Ballistics
40:58 Chemistry
39:53 Murder Holes
42:07 Crop Rotation
42:15 Plate Barding Armor
49:22 Parthian Tactics
49:03 Thumb Ring
48:19 Heavy Cavalry Archer
52:12 Two-Man Saw
52:44 Fletching
52:55 Padded Archer Armor
799787627
15:33 Feudal Age
26:19 Castle Age
42:38 Imperial Age
45:11 Elite Ballista Elephant
49:20 Stone Mining
Goku18996640
1:18 Loom
15:47 Feudal Age
17:11 Horse Collar
17:23 Double-Bit Axe
22:28 Gold Mining
22:29 Stone Mining
25:09 Castle Age
23:50 Wheelbarrow
26:30 Heavy Plow
26:34 Caravan
27:06 Coinage
27:14 Gold Shaft Mining
26:54 Bow Saw
31:23 Imperial Age
30:35 Ballistics
30:13 Murder Holes
31:29 Town Watch
32:20 Squires
32:48 Town Patrol
34:02 Two-Man Saw
35:36 Scale Barding Armor
35:42 Forging
36:59 Banking
36:39 Guilds
36:58 Chain Barding Armor
37:07 Hand Cart
38:34 Iron Casting
39:43 Elite Janissary
44:18 Heavy Camel Rider
47:27 Plate Barding Armor
47:53 Blast Furnace
46:47 Fletching
46:58 Scale Mail Armor
46:59 Padded Archer Armor
46:53 Heated Shot
50:32 Arson
SrAbraham994
14:57 Feudal Age
16:16 Wheelbarrow
16:25 Horse Collar
16:31 Double-Bit Axe
16:42 Champi Runner
22:33 Gold Mining
23:15 Loom
27:12 Castle Age
27:44 Forging
27:25 Fletching
27:35 Padded Archer Armor
27:36 Scale Mail Armor
30:11 Pikeman
30:12 Champi Warrior
30:53 Squires
30:39 Arson
30:17 Crossbowman
30:18 Elite Skirmisher
31:29 Heavy Plow
31:39 Bow Saw
31:54 Leather Archer Armor
32:26 Caravan
34:14 Hand Cart
34:57 Town Watch
34:59 Loom
35:17 Stone Mining
35:50 Thumb Ring
36:57 Coinage
36:58 Town Patrol
37:26 Chain Mail Armor
39:58 Stone Shaft Mining
40:01 Gold Shaft Mining
40:08 Iron Casting
39:29 Bodkin Arrow
43:10 Imperial Age
42:27 Murder Holes
42:57 Ballistics
42:19 Treadmill Crane
42:50 Masonry
44:16 Halberdier
45:25 Arbalester
47:57 Banking
47:43 Heavy Scorpion
50:14 Chemistry
49:25 Fortified Wall
63:51 Guard Tower
63:46 Arrowslits
64:07 Siege Engineers
64:13 Careening
64:13 Clinker Construction
64:24 Shipwright
64:17 Redemption
64:27 Sanctity
64:08 Devotion
64:33 Illumination
64:24 Block Printing
64:04 Herbal Medicine
64:45 Theocracy
64:30 Heresy
64:47 Crop Rotation
63:57 Elite Champi Warrior
65:01 Bracer
65:32 Ring Archer Armor
jordanm708
17:44 Feudal Age
19:02 Wheelbarrow
18:27 Double-Bit Axe
18:39 Gold Mining
20:16 Scale Barding Armor
20:25 Forging
26:20 Castle Age
25:40 Stone Mining
28:10 Castle Age
26:22 Padded Archer Armor
26:12 Fletching
29:16 Chain Barding Armor
29:32 Iron Casting
28:53 Bodkin Arrow
29:13 Leather Archer Armor
29:37 Gold Shaft Mining
29:05 Caravan
29:20 Bow Saw
32:23 Hand Cart
32:30 Hand Cart
35:20 Husbandry
41:25 Imperial Age
39:30 Murder Holes
41:33 Cavalier
43:25 Paladin
59:47 Plate Barding Armor
60:16 Blast Furnace
ViChoOP
13:29 Feudal Age
13:56 Horse Collar
15:01 Wheelbarrow
23:46 Double-Bit Axe
25:33 Gold Mining
36:33 Castle Age
37:31 Hand Cart
37:55 Caravan
40:33 Gold Shaft Mining
39:37 Crossbowman
44:45 Padded Archer Armor
44:36 Fletching
46:36 Leather Archer Armor
46:17 Bodkin Arrow
46:29 Heated Shot
47:00 Ballistics
49:33 Imperial Age
48:32 Bow Saw
49:47 Stone Mining
50:41 Gambesons
50:17 Man-at-Arms
51:52 Ring Archer Armor
52:34 Chemistry
52:37 Long Swordsman
53:07 Arson
54:49 Stone Shaft Mining
60:28 Masonry
60:25 Siege Engineers
Connection lost

Rejoining the realm…

Still unreachable

The connection could not be restored.

Session expired

The server has moved on; the page needs a fresh start.